 Dungeon Crawl Stone Soup version bcrawl-1.41.1 (webtiles) character file.

Game seed: 11118844778207042432

582622 TheWayOfAllFlesh the Grappler (level 15, -1/158 HPs)
             Began as a Troll Monk on Apr 22, 2024.
             Was the Champion of Makhleb.
             Slain by a mana viper (13 damage)
             ... on level 2 of the Snake Pit.
             The game lasted 00:51:36 (20380 turns).

TheWayOfAllFlesh the Grappler (Troll Monk)         Turns: 20380, Time: 00:51:37

Health: -1/158     AC: 14    Str: 30    XL:     15   Next: 69%
Magic:  0/22       EV: 10    Int:  7    God:    Makhleb [******]
Gold:   1103       SH: 13    Dex: 14    Spells: 14/14 levels left

rFire    . . .     GDR:     29%   - Claws (44.4)
rCold    . . .     SeeInvis .   q - +1 medium shield (curse)
rNeg     . . .     Gourm    +   (armour unavailable)
rPois    .         Faith    .   M - +2 hat {MR+}
rElec    .         Spirit   +   z - +0 cloak
rCorr    .         Reflect  .   (gloves unavailable)
MR       ++...                  (boots unavailable)
Stlth    ++........             b - amulet of guardian spirit
HPRegen  1.16/turn              a - +4 ring of strength
MPRegen  0.18/turn              (no ring)

@: lethally poisoned (-1 -> -6), slowed, very slow
A: large, almost no armour, claws 3, fast metabolism 3, gourmand, regeneration
2, AC +11
a: Minor Destruction, Hew, Major Destruction, Greater Servant of Makhleb,
Renounce Religion


You were on level 2 of the Snake Pit.
You worshipped Makhleb.
Makhleb was exalted by your worship.
You were full.

You visited 5 branches of the dungeon, and saw 22 of its levels.

You collected 2354 gold pieces.
You spent 1251 gold pieces at shops.

Inventory:

Armour
 q - a cursed +1 medium shield (worn)
 z - a +0 cloak (worn)
 M - a +2 hat of magic resistance (worn)
Jewellery
 a - a +4 ring of strength (left claw)
 b - an amulet of guardian spirit (around neck)
 h - the ring "Neomox" {rN+ Stlth--}
   (You found it on level 1 of the Dungeon)

   [ring of attention]

   It protects you from negative energy.
   It makes you much less stealthy.
 v - an uncursed amulet of faith
Wands
 w - a wand of charming (1)
 y - a wand of random effects (15)
 A - a wand of scattershot (2)
 F - a wand of iceblast (12)
 G - a wand of disintegration (22)
 I - a wand of acid (3)
 K - a wand of polymorph (21)
 L - a wand of paralysis (4)
 Q - a wand of digging (7)
 R - a wand of clouds (2)
 S - a wand of flame (38)
Scrolls
 c - 10 scrolls of remove curse
 d - 11 scrolls of teleportation
 i - 7 scrolls of identify
 j - 2 scrolls of enchant armour
 m - 3 scrolls of fear
 n - 3 scrolls of enchant weapon
 p - 4 scrolls of fog
 s - a scroll of amnesia
 t - 3 scrolls of revelation
 D - 2 scrolls of blinking
 H - 2 scrolls of vulnerability
Potions
 f - 6 potions of mutation
 g - 3 potions of resistance
 k - 4 potions of might
 l - 7 potions of heal wounds
 o - 9 potions of agility
 r - 12 potions of curing
 u - 4 potions of haste
 x - 4 potions of magic
 B - 3 potions of flight
 C - 3 potions of invisibility
 E - 2 potions of brilliance
 J - 3 potions of cancellation
 T - a potion of ambrosia
 U - a potion of lignification
Miscellaneous
 O - a phial of floods
 P - a box of beasts
Comestibles
 e - 42 rations {!d}


   Skills:
 + Level 12.4 Fighting
 - Level 5.0 Dodging
 - Level 1.1 Stealth
 + Level 10.4 Shields
 + Level 14.7 Unarmed Combat
 * Level 10.8 Invocations
 - Level 5.0 Evocations


You had 14 spell levels left.
You didn't know any spells.
Your spell library contained the following spells:

 Spells                   Type           Power        Failure   Level  Hunger
 Apportation              Tloc           #.....       77%         1    None
 Corona                   Hex            #......      77%         1    None
 Flame Tongue             Conj/Fire      #....        77%         1    None
 Infusion                 Chrm           #.......     77%         1    None
 Necrotize                Necr           #.....       77%         1    None
 Sandblast                Erth           #.....       77%         1    None
 Slow                     Hex            #.......     77%         1    None
 Static Discharge         Air            #.....       77%         1    None
 Summon Butterflies       Summ           #.......     77%         1    None
 Flaming Arrows           Chrm/Fire      #.......     88%         2    ####...
 Shackle                  Hex            #.......     88%         2    ####...
 Shock                    Conj/Air       #......      88%         2    ####...
 Song of Slaying          Chrm           #.......     88%         2    ####...
 Swiftness                Chrm/Air       #.......     88%         2    ####...
 Conjure Flame            Conj/Fire      #.......     98%         3    #####..
 False Image              Hex/Summ       #.......     98%         3    #####..
 Inner Flame              Hex/Fire       N/A          98%         3    #####..
 Mephitic Cloud           Conj/Pois/Air  #.......     98%         3    #####..
 Ozocubu's Armour         Chrm/Ice       #.......     98%         3    #####..
 Regeneration             Chrm/Necr      #.........   98%         3    #####..
 Spectral Weapon          Hex/Chrm       #.......     98%         3    #####..
 Vampiric Draining        Necr           #.........   98%         3    #####..
 Agony                    Necr           #.......     100%        4    ######.
 Animate Dead             Necr           N/A          100%        4    ######.
 Cause Fear               Hex            #.........   100%        4    ######.
 Lightning Bolt           Conj/Air       #.......     100%        4    ######.
 Sticky Flame             Conj/Fire      #.......     100%        4    ######.
 Yara's Violent Unravell  Hex/Tmut       #.........   100%        4    ######.
 Dispel Undead            Necr           #.......     100%        5    #######
 Fireball                 Conj/Fire      #.........   100%        5    #######
 Summon Lightning Spire   Summ/Air       #.......     100%        5    #######
 Conjure Ball Lightning   Conj/Air       #.........   100%        6    #######
 Chain Lightning          Conj/Air       #.........   100%        8    #######


Dungeon Overview and Level Annotations

Branches:
Dungeon (12/12)            Temple (1/1) D:6            Lair (6/6) D:9
  Swamp (0/3) Lair:3        Snake (2/3) Lair:4        Slime (0/5) Orc
    Orc (1/1) D:11         Vaults (0/3) D:12         Forest (0/3) Lair:5
 Depths (0/5) D:12

Altars:
Ashenzari
Cheibriados
Dithmenos
Elyvilon
Fedhas
Gozag
Hepliaklqana
Kikubaaqudgha
Lugonu
Makhleb
Nemelex Xobeh
Qazlal
Ru
Sif Muna
Trog
Uskayaw
Vehumet
Wu Jian
Xom
Yredelemnul
Zin
The Shining One
Beogh
Jiyva

Shops:
D:4 :   D:8 (*   D:11 }   Orc }:(}!   Snake:1 !

Annotations:
D:8 3 runed translucent doors, exclusion: statue, torrenera's ghost, novice EnSA
D:10 exclusions: downstairs and ice statue
Lair:6 exclusion: 3 doors
Snake:1 2 transporters, pheathergobbo575's ghost, adept FoAK


Innate Abilities, Weirdness & Mutations

You cannot wear most types of armour.
Your thick skin is tough. (AC +11)
You are too large for most types of armour.
You have claws for hands.
Your metabolism is lightning-fast.
You like to eat raw meat.
You heal very quickly.


Message History

You barely miss the guardian serpent.
The guardian serpent is heavily wounded.
You feel sick. The black mamba barely misses you. The mana viper bites you!
* * * LOW HITPOINT WARNING * * *
You feel your power leaking away.
The mana viper is engulfed in blazing flames.
The mana viper bites you.
* * * LOW HITPOINT WARNING * * *
The demonic crawler is engulfed in blazing flames.
The black mamba is engulfed in blazing flames.
The guardian serpent barely misses you. You block the salamander's attack.
The black mamba bites you.
* * * LOW HITPOINT WARNING * * *
The tarantella is engulfed in blazing flames.
The mana viper is engulfed in blazing flames.
You block the mana viper's attack.
You closely miss the guardian serpent.
The guardian serpent is heavily wounded.
You feel sick. The mana viper bites you!
You die...

..## ..## #. ..##
...## #..
#..##....## ##..
#...#.....# ###...
#.....)...#
......##
##..........
......##
###...........
#...###...NS@S..#
#.....^.##SSS###
#..########SN#
##.## #Ss# #..#
#s§§. #.## #.$r..
## #.## ######
..###..#
#......###########


You could see a salamander, a naga ritualist, a demonic crawler, 4 mana vipers,
a guardian serpent, 2 black mambas, a tarantella and a hell rat.

Vanquished Creatures
  Gastronok (Lair:2)
  Frances (D:12)
  An ironheart preserver (D:12)
  2 fire dragons
  3 hydras
  Erolcha (Orc)
  A naga warrior (Snake:1)
  2 ogre magi
  7 anacondas
  The ghost of TheWayOfAllFlesh the Basher, a journeyman GrMo of Zin (D:10)
  7 two-headed ogres
  3 death yaks (D:9)
  A naga sharpshooter (Snake:1)
  A shock serpent (Snake:1)
  6 centaur warriors
  A goliath frog (Lair:5)
  A salamander mystic (Snake:2)
  An unseen horror (D:11)
  2 wolf spider zombies
  3 naga ritualists
  Pikel (D:4)
  3 mana vipers
  3 cyclopes
  2 orc knights (D:12)
  8 naga magi
  5 salamanders
  8 orc sorcerers (Orc)
  2 deep elf magi (D:11)
  An ugly thing (D:12)
  8 elephants
  13 black mambas
  A gargoyle (D:10)
  16 cane toads
  10 komodo dragons
  5 kobold demonologists
  A rime drake (Lair:5)
  An eye of draining (shapeshifter) (D:12)
  An eye of draining (D:11)
  3 trolls
  4 polar bears
  24 blink frogs
  4 harpy skeletons
  Prince Ribbit (D:8)
  A bog body (Lair:3)
  7 dream sheep (Lair:6)
  6 hippogriffs
  A spectral elephant (Lair:6)
  2 shadows (D:10)
  A vampire (D:9)
  8 orc warriors
  A human (D:7)
  36 yaks
  2 hogs (D:7)
  3 basilisks
  Menkaure (D:6)
  5 vampire mosquitoes (D:12)
  3 neqoxecs (D:10)
  3 hungry ghosts
  7 electric eels
  A harpy simulacrum (D:8)
  3 wargs (Orc)
  12 nagas
  An acid dragon (D:12)
  Duvessa (D:7)
  9 water moccasins
  15 crocodiles
  A soldier ant (shapeshifter) (D:9)
  5 ice beasts
  13 porcupines
  5 sky beasts
  A slave (D:4)
  3 phantoms
  7 ogres
  14 wolves
  14 bullfrogs
  2 kobold brigands (D:12)
  2 gnoll sergeants
  12 centaurs
  Dowan (D:7)
  A scorpion (D:8)
  17 killer bees (Lair:4)
  A water moccasin skeleton (D:7)
  3 wights
  9 orc priests
  A howler monkey (D:8)
  4 crimson imps
  4 quasits
  2 jellies
  3 bullfrog skeletons
  Crazy Yiuf (D:5)
  5 hounds
  7 iguanas
  6 hell rats
  An iguana (shapeshifter) (D:12)
  25 orc wizards
  11 worker ants
  A killer bee zombie (D:7)
  A hound skeleton (D:9)
  2 worker ant zombies
  5 gnolls
  A howler monkey skeleton (D:4)
  7 adders
  2 river rats (D:9)
  4 shadow imps
  2 white imps (D:8)
  An ooze (D:2)
  An adder skeleton (D:5)
  An adder zombie (D:8)
  3 worms
  3 dart slugs
  4 leopard geckos
  45 orcs
  2 ball pythons
  5 bats
  A giant cockroach (D:1)
  7 goblins
  9 hobgoblins
  3 jackals
  8 kobolds
  2 quokkas
  7 frilled lizards
  5 rats
  A plant (D:8)
614 creatures vanquished.

Vanquished Creatures (collateral kills)
  A yak (D:8)
  An ogre (D:5)
  2 killer bees (Lair:4)
  A bullfrog skeleton (D:5)
  A hound skeleton (D:5)
  A white imp (D:8)
7 creatures vanquished.

Vanquished Creatures (others)
  A naga mage (Snake:1)
  A queen bee (Lair:4)
  A hog (D:7)
  A naga (Snake:1)
  An orc wizard (Orc)
  A gnoll (D:6)
  An orc (D:11)
  6 fungi
  4 plants
  2 withered plants (Lair:6)
19 creatures vanquished.

Grand Total: 640 creatures vanquished

Notes
Turn   | Place    | Note
-------+----------+-------------------------------------------
     0 | D:1      | TheWayOfAllFlesh the Troll Monk began the quest for the
                  | Orb.
     0 | D:1      | Reached XP level 1. HP: 22/22 MP: 1/1
   111 | D:1      | Reached XP level 2. HP: 28/29 MP: 2/2
   272 | D:1      | Got a steaming bronze ring
   715 | D:2      | Reached skill level 4 in Unarmed Combat
   840 | D:2      | Found a stormy altar of Qazlal.
   841 | D:2      | Noticed an air elemental
   914 | D:2      | Reached XP level 3. HP: 34/36 MP: 3/3
  1061 | D:2      | Noticed a fire elemental
  1062 | D:2      | Noticed an earth elemental
  1062 | D:2      | Noticed a water elemental
  1259 | D:2      | Found a glowing golden altar of the Shining One.
  1542 | D:3      | Gained mutation: Your natural rate of healing is unusually
                  | fast. [Troll growth]
  1542 | D:3      | Reached XP level 4. HP: 44/44 MP: 4/4
  1701 | D:3      | Noticed a centaur
  1762 | D:2      | Killed a centaur
  1763 | D:2      | Reached XP level 5. HP: 25/52 MP: 2/5
  2579 | D:4      | Reached skill level 5 in Unarmed Combat
  2636 | D:4      | Reached skill level 1 in Shields
  2707 | D:4      | Identified the ring "Neomox" {rN+ Stlth--} (You found it on
                  | level 1 of the Dungeon)
  2729 | D:4      | Reached XP level 6. HP: 56/61 MP: 6/6
  3016 | D:4      | Found Rikycs's Book Emporium.
  3163 | D:4      | Found a shimmering blue altar of Sif Muna.
  3474 | D:5      | Entered Level 5 of the Dungeon
  3486 | D:5      | Noticed an orc warrior
  3555 | D:4      | Reached XP level 7. HP: 68/68 MP: 7/7
  3556 | D:5      | Noticed Pikel
  3606 | D:4      | Killed Pikel
  3607 | D:4      | Reached skill level 6 in Unarmed Combat
  3607 | D:4      | Reached XP level 8. HP: 65/79 MP: 8/8
  3891 | D:5      | Found a runed door.
  3962 | D:5      | Found an opulent altar of Gozag.
  4139 | D:5      | Noticed Crazy Yiuf
  4144 | D:5      | Killed Crazy Yiuf
  4247 | D:6      | Reached skill level 5 in Fighting
  4247 | D:6      | Reached skill level 5 in Dodging
  4247 | D:6      | Reached skill level 7 in Unarmed Combat
  4391 | D:6      | Reached XP level 9. HP: 88/88 MP: 9/9
  4489 | D:6      | Found a staircase to the Ecumenical Temple.
  4497 | Temple   | Entered the Ecumenical Temple
  4729 | Temple   | Became a worshipper of Makhleb the Destroyer
  4729 | Temple   | Reached * piety under Makhleb
  4729 | Temple   | Reached ** piety under Makhleb
  4741 | D:6      | Noticed Menkaure
  4833 | D:6      | Killed Menkaure
  4943 | D:6      | Found a shimmering altar of Xom.
  5614 | D:7      | Reached skill level 8 in Unarmed Combat
  5802 | D:7      | Noticed Duvessa
  5803 | D:7      | Noticed Dowan
  5811 | D:7      | Killed Duvessa
  5827 | D:7      | Killed Dowan
  5909 | D:7      | Reached skill level 5 in Shields
  5909 | D:7      | Reached XP level 10. HP: 100/100 MP: 8/10
  6001 | D:7      | Found a snail-covered altar of Cheibriados.
  6234 | D:8      | Reached skill level 9 in Unarmed Combat
  6264 | D:8      | Found Hempoa's Antique Weapon Emporium.
  6381 | D:8      | Reached *** piety under Makhleb
  6595 | D:8      | Found a runed translucent gate.
  6595 | D:8      | Found a runed translucent gate.
  6595 | D:8      | Found a runed translucent gate.
  6597 | D:8      | Noticed torrenera's ghost (novice EnSA)
  6717 | D:8      | Found a radiant altar of Vehumet.
  6739 | D:8      | Found Geli's Assorted Antiques.
  6739 | D:8      | Noticed Prince Ribbit
  6748 | D:8      | Killed Prince Ribbit
  6758 | D:8      | Bought a scroll of teleportation for 84 gold pieces
  6957 | D:9      | Noticed a death yak
  6976 | D:9      | Killed a death yak
  6977 | D:9      | Reached skill level 10 in Unarmed Combat
  6998 | D:9      | Found a staircase to the Lair.
  7000 | D:9      | Noticed a death yak
  7001 | D:9      | Noticed a death yak
  7019 | D:9      | Killed a death yak
  7030 | D:9      | Killed a death yak
  7031 | D:9      | Reached XP level 11. HP: 42/111 MP: 2/11
  8087 | D:10     | Entered Level 10 of the Dungeon
  8198 | D:10     | Reached **** piety under Makhleb
  8309 | D:10     | Reached skill level 11 in Unarmed Combat
  8370 | D:10     | Found a transporter.
  8371 | D:10     | Noticed TheWayOfAllFlesh's ghost (journeyman GrMo)
  8390 | D:10     | Found a transporter.
  8597 | D:10     | Killed TheWayOfAllFlesh's ghost
  8608 | D:10     | Got the ring "Iseschew" {Dex-3}
  9077 | D:11     | Found Azirur's Gadget Shoppe.
  9077 | D:11     | Noticed a deep elf mage
  9086 | D:11     | Killed a deep elf mage
  9153 | D:11     | Noticed a centaur warrior
  9223 | Lair:1   | Entered Level 1 of the Lair of Beasts
  9370 | Lair:1   | Noticed an eight-headed hydra
  9381 | Lair:1   | Killed a 14-headed hydra
  9512 | Lair:1   | Gained mutation: You heal very quickly. [Troll growth]
  9512 | Lair:1   | Reached XP level 12. HP: 124/124 MP: 12/12
  9740 | Lair:1   | Reached ***** piety under Makhleb
  9875 | Lair:1   | Noticed a six-headed hydra
  9880 | Lair:1   | Killed a six-headed hydra
 10159 | Lair:2   | Noticed Gastronok
 10176 | Lair:2   | Killed Gastronok
 10177 | Lair:2   | Reached skill level 10 in Fighting
 10177 | Lair:2   | Reached skill level 12 in Unarmed Combat
 10445 | Lair:2   | Reached skill level 5 in Invocations
 11220 | Lair:3   | Got a faintly glowing tin amulet
 11221 | Lair:3   | Identified the cursed amulet "Bamim" {Inacc Str+4} (You
                  | found it on level 3 of the Lair of Beasts)
 11339 | Lair:3   | Found a staircase to the Swamp.
 11371 | Lair:3   | Reached XP level 13. HP: 135/135 MP: 11/16
 12217 | Lair:4   | Found a staircase to the Snake Pit.
 12507 | Lair:4   | Reached skill level 13 in Unarmed Combat
 13747 | Lair:5   | Found a staircase to the Spriggan Forest.
 14258 | Lair:6   | Entered Level 6 of the Lair of Beasts
 14289 | Lair:6   | Noticed a dire elephant
 14445 | Lair:6   | Reached ****** piety under Makhleb
 14623 | Lair:6   | Reached XP level 14. HP: 146/146 MP: 15/18
 15346 | D:11     | Identified the cursed +1 dagger of Departure {pierce, rF-
                  | rN+ Str+3 Int+4}
 15541 | D:11     | Found a staircase to the Orcish Mines.
 15548 | D:11     | Reached skill level 1 in Evocations
 16018 | D:12     | Entered Level 12 of the Dungeon
 16111 | D:12     | Noticed Frances
 16135 | D:12     | Killed Frances
 16142 | D:12     | Reached skill level 14 in Unarmed Combat
 16333 | D:12     | Noticed an ironheart preserver
 16340 | D:12     | Killed an ironheart preserver
 16885 | D:12     | Reached skill level 10 in Shields
 17024 | D:12     | Found a gate to the Vaults.
 17159 | D:12     | Found a staircase to the Depths.
 17436 | Orc      | Entered the Orcish Mines
 17709 | Orc      | Found a staircase to the Slime Pits.
 17709 | Orc      | Found a viscous altar of Jiyva.
 17835 | Orc      | Found Juimuata's Gadget Shoppe.
 17841 | Orc      | Bought a wand of clouds (3) for 180 gold pieces
 17923 | Orc      | Paralysed by an orc sorcerer for 4 turns
 17930 | Orc      | Paralysed by an orc sorcerer for 3 turns
 17941 | Orc      | Reached XP level 15. HP: 28/156 MP: 3/21
 18158 | Orc      | Found an ancient bone altar of Kikubaaqudgha.
 18211 | Orc      | Found Agho's Antique Weapon Shoppe.
 18352 | Orc      | Noticed Erolcha
 18355 | Orc      | Found a radiant altar of Vehumet.
 18361 | Orc      | Killed Erolcha
 18576 | Orc      | Found a roughly hewn altar of Beogh.
 18576 | Orc      | Found Kuphal's Distillery.
 18576 | Orc      | Found Redies's Book Shoppe.
 18586 | Orc      | Found Qaagighi's Gadget Emporium.
 18598 | Orc      | Bought a wand of flame (12) for 72 gold pieces
 18598 | Orc      | Bought a wand of flame (14) for 84 gold pieces
 18607 | Orc      | Bought a potion of ambrosia for 52 gold pieces
 18607 | Orc      | Bought a potion of agility for 52 gold pieces
 18607 | Orc      | Bought a potion of cancellation for 65 gold pieces
 18607 | Orc      | Bought 2 potions of agility for 104 gold pieces
 18607 | Orc      | Bought a potion of resistance for 130 gold pieces
 18607 | Orc      | Bought a potion of invisibility for 104 gold pieces
 18607 | Orc      | Bought a potion of curing for 32 gold pieces
 18607 | Orc      | Bought a potion of might for 52 gold pieces
 18975 | Snake:1  | Entered Level 1 of the Snake Pit
 19237 | Snake:1  | Reached skill level 10 in Invocations
 19528 | Snake:1  | Found a transporter.
 19528 | Snake:1  | Noticed a nagaraja
 19528 | Snake:1  | Noticed pheathergobbo575's ghost (adept FoAK)
 19623 | Snake:1  | Found a transporter.
 19704 | Snake:1  | Found Fimaant's Distillery.
 19719 | Snake:1  | Bought a potion of haste for 120 gold pieces
 19719 | Snake:1  | Bought a potion of agility for 48 gold pieces
 19719 | Snake:1  | Bought 2 potions of lignification for 72 gold pieces
 19965 | Snake:1  | Got a transparent dagger
 20026 | Snake:2  | Reached skill level 5 in Evocations
 20380 | Snake:2  | Slain by a mana viper

Skill      XL: |  1  2  3  4  5  6  7  8  9 10 11 12 13 14 15 |
---------------+----------------------------------------------+-----
Unarmed Combat | 4 5 6 7 8 10 11 12 13 14 | 14.7
Dodging        | 3 4 5 |  5.0
Fighting       | 3 4 5 6 8 9 10 11 12 | 12.4
Shields        | 1 2 3 5 6 7 8 9 10 | 10.4
Invocations    | 5 7 9 10 | 10.8
Evocations     | 3 5 |  5.0
Stealth        | |  1.1

Action                   |  1- 3 |  4- 6 |  7- 9 | 10-12 | 13-15 || total
-------------------------+-------+-------+-------+-------+-------++-------
Melee: Unarmed           |    82 |   133 |   244 |   596 |  1137 ||  2192
       Punch             |     1 |       |       |       |       ||     1
Invok: Minor Destruction |       |       |       |     1 |    12 ||    13
       Major Destruction |       |       |       |       |    26 ||    26
       Hew               |       |       |       |       |     5 ||     5
Evoke: Wand              |       |     1 |     3 |     7 |     7 ||    18
  Use: Scroll            |       |    10 |     8 |    13 |     1 ||    32
       Potion            |       |       |       |     3 |     1 ||     4
 Stab: Sleeping          |     1 |     1 |       |     4 |     3 ||     9
       Distracted        |       |       |       |       |     2 ||     2
  Eat: Chunk             |    16 |    14 |    22 |    46 |    79 ||   177
Armor: Skin              |    24 |    39 |    52 |   140 |   360 ||   615
Dodge: Dodged            |    42 |    38 |    56 |   148 |   324 ||   608
Block: Medium shield     |       |    37 |    89 |   279 |   683 ||  1088
